 Dungeon Crawl Stone Soup version 0.26.1-11-gd32895ea62 (webtiles) character file.

Game seed: 387236687236004278

68548 infcreate the Unseen (level 14, -10/88 HPs)
             Began as a Vampire Necromancer on June 12, 2021.
             Was the Champion of Kikubaaqudgha.
             Splashed by an acid blob's acid (14 damage)
             ... on level 6 of the Lair of Beasts.
             The game lasted 02:03:54 (37212 turns).

infcreate the Unseen (Vampire Necromancer)         Turns: 37212, Time: 02:03:55

Health: -10/88     AC:  0    Str:  7    XL:     14   Next: 87%
Magic:  28/28      EV: 22    Int: 25    God:    Kikubaaqudgha [******]
Gold:   1917       SH: 10    Dex: 18    Spells: 5/33 levels left

rFire    . . .     SeeInvis +   y - +7 dagger (elec)
rCold    + + +     Faith    .   A - +0 buckler
rNeg     + + +     Spirit   .   F - +2 animal skin
rPois    ∞         Reflect  +   n - +1 helmet
rElec    .         Harm     .   x - +1 cloak {rC+}
rCorr    .         Rampage  .   (no gloves)
Will     +....                  (no boots)
Stlth    ++++++++..             g - amulet of reflection
HPRegen  0.00/turn              I - +6 ring of intelligence
MPRegen  0.21/turn              Z - ring of wizardry

@: corroded, bloodless, studying Polearms
A: fangs 3, see invisible, unbreathing
a: Bat Form, Revivify, Renounce Religion, Receive Corpses, Torment


You were on level 6 of the Lair of Beasts.
You worshipped Kikubaaqudgha.
Kikubaaqudgha was exalted by your worship.
You visited 2 branches of the dungeon, and saw 17 of its levels.
You also visited: Ossuary, Gauntlet and Ice Cave.

You collected 2077 gold pieces.
You spent 160 gold pieces at shops.


Innate Abilities, Weirdness & Mutations

You do not regenerate when monsters are visible.
You are frail without blood (-20% HP).
You can heal yourself when you bite living creatures.
You are immune to poison.
You have razor-sharp teeth.
You have supernaturally acute eyesight. (SInv)
You can survive without breathing.


   Skills:
 + Level 10.0 Fighting
 + Level 11.7 Short Blades
 + Level 11.9 Dodging
 + Level 16.1 Stealth
 - Level 4.0 Shields
 + Level 10.2 Spellcasting
 + Level 12.5 Necromancy


You had 5 spell levels left.
You knew the following spells:

 Your Spells              Type           Power        Failure   Level
a - Animate Skeleton      Necr           100%         1%          1
b - Borgnjor's Vile Clut  Necr/Erth      22%          4%          5
d - Animate Dead          Necr           33%          1%          4
e - Excruciating Wounds   Necr           33%          1%          5
n - Dispel Undead         Necr           66%          1%          4
p - Pain                  Necr           100%         1%          1
v - Vampiric Draining     Necr           33%          1%          3
y - Agony                 Necr           66%          1%          5

Your spell library contained the following spells:

 Spells                   Type           Power        Failure   Level
 Freeze                   Ice            48%          1%          1
 Magic Dart               Conj           48%          1%          1
 Sublimation of Blood     Necr           33%          1%          2
 Blink                    Tloc           N/A          3%          2
 Call Imp                 Summ           12%          3%          2
 Slow                     Hex            12%          3%          2
 Confusing Touch          Hex            12%          6%          3
 Conjure Flame            Conj/Fire      12%          6%          3
 Frozen Ramparts          Ice            24%          6%          3
 Gell's Gravitas          Tloc           6%           6%          3
 Mephitic Cloud           Conj/Pois/Air  12%          6%          3
 Ozocubu's Armour         Ice            12%          6%          3
 Hailstorm                Conj/Ice       12%          19%         4
 Petrify                  Tmut/Erth      12%          19%         4
 Summon Ice Beast         Ice/Summ       12%          19%         4
 Metabolic Englaciation   Hex/Ice        6%           45%         5
 Yara's Violent Unravell  Hex/Tmut       6%           45%         5
 Simulacrum               Ice/Necr       22%          22%         6
 Infestation              Necr           33%          56%         8
 Haunt                    Necr/Summ      22%          75%         7
 Borgnjor's Revivificati  Necr           Unusable     N/A         8
 Necromutation            Tmut/Necr      Unusable     N/A         8
 Death's Door             Necr           Unusable     N/A         9

Inventory:

Hand Weapons
 j - a +1 rapier of electrocution
 y - a +7 dagger of electrocution (weapon)
 E - a +5 short sword
Missiles
 s - 3 throwing nets {=f}
Armour
 n - a +1 helmet (worn)
 x - a +1 cloak of cold resistance (worn)
 A - a +0 buckler (worn)
 F - a +2 animal skin (worn)
Jewellery
 g - an amulet of reflection (around neck)
 I - a +6 ring of intelligence (left hand)
 Z - a ring of wizardry (right hand)
Wands
 a - a wand of digging (3)
 b - a wand of paralysis (6)
 l - a wand of random effects (21)
 q - a wand of flame (38)
 z - a wand of polymorph (13)
 D - a wand of acid (10)
 J - a wand of iceblast (6)
Scrolls
 c - 3 scrolls of amnesia
 i - 8 scrolls of remove curse {@r2}
 m - 4 scrolls of fear
 r - 4 scrolls of blinking
 u - 2 scrolls of teleportation {@r4}
 B - a scroll of immolation
Potions
 d - 5 potions of resistance
 e - 3 potions of mutation
 f - 10 potions of curing {@q1}
 h - 4 potions of haste {@q3}
 k - 6 potions of brilliance
 o - 2 potions of attraction
 p - 2 potions of berserk rage {!q}
 v - 6 potions of flight
 w - 7 potions of heal wounds {@q2}
 C - 2 potions of ambrosia
 G - 3 potions of might
Books
 H - a manual of Polearms {!d}

Dungeon Overview and Level Annotations

Branches:
Dungeon (11/15)            Temple (0/1) D:5            Lair (6/6) D:11
 Shoals (0/4) Lair:4       Spider (0/4) Lair:3        Slime (0/5) Lair:6
Ossuary (visited)           IceCv (visited)         Gauntlet (visited)
    Orc: D:9-12

Altars:
Ashenzari
Cheibriados
Elyvilon
Kikubaaqudgha
Nemelex Xobeh
Okawaru
Ru
Wu Jian
Xom
Zin
The Shining One
Jiyva

Shops:
D:6 (   D:8 (

Annotations:
D:4 Grinder
D:9 Erolcha
D:11 Harold
Lair:6 exclusion: 4 oklob plants

.......................J.......#*
.##.#.#.P#.##.###...#.#.......##*
..#..#####.###..##..###......#.#*
....####.##.#.....##.##......#*#*
.........##........J.........#
.........##.........J......#.#
.........###...............### **
..........#.....F...........## *.
..#..#.......#..@............####
.###.##...#.##..#................
.#####....#######................
..#.......# *##.#................
###......####...........#........
##..........P.....#..........#...
##......#..P....P#............§.
#........#.......##....#...#≈≈.#
##..........PP...#.#......#.§....


You could see an acid blob, a slime creature and a cane toad.


Message History

The cane toad gives a loud, deep croak!
You hear a bellow!
The cane toad misses you.
You hit the cane toad but do no damage. The cane toad stings you!
You hit the cane toad.
The cane toad is lightly wounded.
The acid blob spits acid at you. The splash of acid hits you.
The acid corrodes you!
You are splashed with acid!
The cane toad closely misses you. The acid blob spits acid at you.
The splash of acid misses you. The acid blob spits acid at you.
The splash of acid hits you!
* * * LOW HITPOINT WARNING * * *
You are splashed with acid!
* * * LOW HITPOINT WARNING * * *
The cane toad closely misses you.
Okay, then.
The slime creature quivers.
The acid blob spits acid at you. The splash of acid hits you!
* * * LOW HITPOINT WARNING * * *
You are splashed with acid!
* * * LOW HITPOINT WARNING * * *
You block the cane toad's attack. The acid blob spits acid at you.
The splash of acid hits you.
* * * LOW HITPOINT WARNING * * *
The acid corrodes you!
You are splashed with acid!
You die...
Kikubaaqudgha rasps: "You have failed me!
Welcome... oblivion!"

Skill      XL: |  1  2  3  4  5  6  7  8  9 10 11 12 13 14 |
---------------+-------------------------------------------+-----
Short Blades   | 1 2 3 5 6 7 8 9 10 11 | 11.7
Fighting       | 1 2 3 4 5 6 7 8 9 10 | 10.0
Stealth        | 4 5 6 8 9 11 12 13 15 16 | 16.1
Dodging        | 3 4 5 6 7 8 10 11 | 11.9
Necromancy     | 5 6 7 8 9 10 11 12 | 12.5
Spellcasting   | 3 4 5 6 7 8 9 10 | 10.2
Shields        | 1 3 4 |  4.0

Action                   |  1- 3 |  4- 6 |  7- 9 | 10-12 | 13-15 || total
-------------------------+-------+-------+-------+-------+-------++-------
Melee: Unarmed           |     6 |       |       |       |       ||     6
       Bite              |     3 |     1 |    60 |    48 |   105 ||   217
       Dagger            |    16 |    50 |   504 |   553 |   875 ||  1998
 Cast: Pain              |    63 |   152 |   254 |   213 |    73 ||   755
       Animate Skeleton  |     1 |       |       |       |       ||     1
       Vampiric Draining |       |     3 |    23 |   154 |    74 ||   254
       Dispel Undead     |       |       |     1 |    16 |     5 ||    22
       Agony             |       |       |       |    32 |    22 ||    54
       Excruciating Woun |       |       |       |     2 |       ||     2
       Animate Dead      |       |       |       |     1 |     1 ||     2
       Borgnjor's Vile C |       |       |       |       |   102 ||   102
Invok: Receive Necronomi |       |       |       |       |     1 ||     1
 Abil: Exsanguinate      |     1 |       |       |       |       ||     1
  Use: Scroll            |     5 |     4 |    11 |    13 |    13 ||    46
       Potion            |       |       |     1 |       |     2 ||     3
 Stab: Sleeping          |     7 |    13 |    40 |    26 |    34 ||   120
       Distracted        |       |       |       |       |     1 ||     1
Armor: Robe              |     9 |     9 |    77 |    37 |       ||   132
       Animal skin       |       |       |       |    54 |   111 ||   165
Dodge: Dodged            |    30 |    54 |   267 |   439 |   588 ||  1378
Block: Other             |     8 |    12 |    86 |    76 |       ||   182
       Reflection        |       |       |     2 |       |     3 ||     5
       Buckler           |       |       |       |   106 |   382 ||   488

Levels and vault maps discovered:
D:1:      lemuel_arrival_funnel, layout_loops_corners, minmay_cut_off
D:2:      layout_loops_ring, lemuel_coloured_pillars_altar,
          nicolae_overflow_hidden_temple,
          chequers_ecumenical_altar_simple_redux, nemelex_spade_bored_becter
D:3:      layout_loops_corners, okawaru_altar_gauntlet_db,
          serial_park_tiny_pond, solitary_fountain, uniq_natasha, uniq_terence
D:4:      layout_rooms, cheibrodos_ashenzari_chains, uniq_grinder
D:5:      layout_loops_ring, lemuel_crystal_altar,
          minmay_temple_entry_water_ring, gup_sewer_entry_glass,
          hangedman_decor_clover_reticule, uniq_pikel, uniq_menkaure
D:6:      layout_basic, nicolae_overflow_crystal_walls,
          nicolae_ru_the_path_less_chosen, serial_shops,
          nicolae_shop_waterfront, basic_altar, nicolae_tso_carved_into_rock,
          uniq_sigmund, uniq_crazy_yiuf_cottage, uniq_blork_the_orc
D:7:      layout_rooms, enter_ossuary_4, lemuel_another_geyser
D:8:      layout_gridville, lemuel_crystal_altar, serial_shops, shop,
          hangedman_abyss_or_decor_stabs, columned_hall_lemuel
D:9:      lemuel_flame_loot_2, layout_rooms, xom_shifter_show, basic_altar,
          lightli_minifort, uniq_erolcha
D:10:     layout_basic, kennysheep_generic_room_12
D:11:     layout_roguey, lair_entry_dummy, uniq_grum, uniq_harold
Lair:1:   layout_cave_shapes, kennysheep_snail_temple
Lair:2:   layout_regular_city, serial_forest, infiniplex_forest_side_room,
          infiniplex_forest_lined_corner, infiniplex_forest_lined_ring,
          infiniplex_forest_clump_C, infiniplex_forest_straight_3,
          infiniplex_forest_zigzag_2, infiniplex_forest_clump_small,
          nicolae_quartered_pool_medium
Lair:3:   layout_roguey, spider_nest_entry_funnel_web, grunt_megastairs_1,
          infiniplex_staircase_pool_2
Lair:4:   layout_concentric_octagons, minmay_shoals_entry_lonely_mermaid
Lair:5:   layout_long_grid, portal_ice_cave_rime, serial_bayou_shore_a,
          grunt_megastairs_5
Lair:6:   minmay_lair_end_enchanted_forest, layout_cellular_growth,
          slime_altar_2, gauntlet_entry_generic,
          nicolae_volcano_entry_lava_flow, minmay_lair_oklob_chamber

Notes
Turn   | Place    | Note
-------+----------+-------------------------------------------
     0 | D:1      | infcreate the Vampire Necromancer began the quest for the
                  | Orb.
     0 | D:1      | Reached XP level 1. HP: 13/13 MP: 3/3
   270 | D:1      | Reached XP level 2. HP: 16/16 MP: 0/5
   520 | D:1      | Learned a level 1 spell: Animate Skeleton
  1118 | D:1      | Reached skill level 1 in Short Blades
  1416 | D:2      | Reached XP level 3. HP: 20/20 MP: 1/6
  1507 | D:2      | Found a faded altar of an unknown god.
  1534 | D:2      | Reached skill level 1 in Fighting
  2175 | D:2      | Reached XP level 4. HP: 25/25 MP: 4/7
  2237 | D:2      | Reached skill level 4 in Stealth
  2485 | D:2      | Learned a level 3 spell: Vampiric Draining
  2505 | D:2      | Found a sparkling altar of Nemelex Xobeh.
  2599 | D:2      | Found a glowing silver altar of Zin.
  3333 | D:2      | Found an ornate altar of the Wu Jian Council.
  3721 | D:3      | Reached XP level 5. HP: 29/29 MP: 3/8
  3881 | D:2      | Reached skill level 2 in Short Blades
  3881 | D:2      | Reached skill level 3 in Dodging
  3881 | D:2      | Reached skill level 5 in Necromancy
  4319 | D:2      | Learned a level 4 spell: Animate Dead
  4337 | D:3      | Reached skill level 5 in Stealth
  4387 | D:3      | Reached XP level 6. HP: 33/35 MP: 3/10
  4541 | D:3      | Noticed Natasha
  4561 | D:3      | Killed Natasha
  4655 | D:3      | Reached skill level 2 in Fighting
  4700 | D:3      | Found an iron altar of Okawaru.
  4864 | D:3      | Noticed Natasha
  4918 | D:3      | Killed Natasha
  5017 | D:3      | Noticed Terence
  5020 | D:3      | Killed Terence
  5021 | D:3      | Reached skill level 3 in Spellcasting
  5366 | D:4      | Noticed Grinder
  5668 | D:4      | Reached XP level 7. HP: 38/40 MP: 4/11
  5750 | D:4      | Identified 2 potions of resistance
  5871 | D:4      | Reached skill level 3 in Short Blades
  6011 | D:4      | Found a broken altar of Ashenzari.
  6019 | D:4      | Reached skill level 6 in Stealth
  6142 | D:4      | Reached skill level 4 in Dodging
  6298 | D:4      | Paralysed by Grinder for 5 turns
  6352 | D:3      | Noticed Natasha
  6359 | D:3      | Killed Natasha
  6475 | D:5      | Entered Level 5 of the Dungeon
  6582 | D:5      | Noticed Menkaure
  6813 | D:5      | Found a staircase to the Ecumenical Temple.
  7409 | D:5      | Reached skill level 3 in Fighting
  7547 | D:5      | Reached skill level 6 in Necromancy
  7645 | D:5      | Reached XP level 8. HP: 46/46 MP: 10/13
  7757 | D:5      | Reached skill level 7 in Stealth
  7790 | D:5      | Noticed Pikel
  7798 | D:5      | Reached skill level 4 in Short Blades
  8052 | D:5      | Reached skill level 4 in Spellcasting
  8159 | D:5      | Found an ancient bone altar of Kikubaaqudgha.
  8167 | D:5      | Became a worshipper of Kikubaaqudgha
  8327 | D:5      | Killed Pikel
  8328 | D:5      | Reached skill level 5 in Dodging
  8328 | D:5      | Reached skill level 8 in Stealth
  8717 | D:6      | Reached skill level 5 in Short Blades
  8805 | D:5      | Reached skill level 4 in Fighting
  8923 | D:6      | Learned a level 5 spell: Agony
  8975 | D:6      | Reached XP level 9. HP: 52/52 MP: 15/15
  9008 | D:6      | Found an iron altar of Okawaru.
  9032 | D:6      | Found Georeero's Antique Weapon Emporium.
  9112 | D:6      | Bought a glowing dagger for 160 gold pieces
  9631 | D:6      | Reached skill level 7 in Necromancy
  9634 | D:6      | Found a glowing golden altar of the Shining One.
  9893 | D:6      | Found a sparkling altar of Nemelex Xobeh.
  9928 | D:6      | Noticed Blork the orc
  9960 | D:6      | Noticed Sigmund
 10002 | D:4      | Killed Blork the orc
 10263 | D:6      | Found a sacrificial altar of Ru.
 10290 | D:6      | Found a runed translucent door.
 10291 | D:6      | Noticed Crazy Yiuf
 10298 | D:6      | Killed Crazy Yiuf
 10446 | D:6      | Reached skill level 5 in Spellcasting
 10489 | D:6      | Killed Sigmund
 10490 | D:6      | Reached skill level 6 in Dodging
 10490 | D:6      | Reached skill level 9 in Stealth
 10515 | D:6      | Reached * piety under Kikubaaqudgha
 10515 | D:6      | Identified Kikubaaqudgha's Collected Works on Evil Secrets
                  | (Kikubaaqudgha gifted it to you on level 6 of the Dungeon)
 10515 | D:6      | Received a gift from Kikubaaqudgha
 10623 | D:7      | Found a sand-covered staircase.
 10642 | Ossuary  | Entered an ossuary
 10961 | Ossuary  | Reached ** piety under Kikubaaqudgha
 11870 | D:7      | Reached skill level 6 in Short Blades
 12169 | D:7      | Noticed a death knight
 12170 | D:7      | Noticed a phantasmal warrior
 12818 | D:8      | Reached skill level 5 in Fighting
 12865 | D:8      | Found Howuen's Antique Weapon Shoppe.
 13344 | D:8      | Reached *** piety under Kikubaaqudgha
 13344 | D:8      | Identified Kikubaaqudgha's Disquisition on Necromancy
                  | (Kikubaaqudgha gifted it to you on level 8 of the Dungeon)
 13344 | D:8      | Received a gift from Kikubaaqudgha
 13353 | D:8      | Learned a level 4 spell: Dispel Undead
 13378 | D:8      | Found a white marble altar of Elyvilon.
 13478 | D:5      | Killed Menkaure
 13479 | D:5      | Reached XP level 10. HP: 55/59 MP: 9/18
 13695 | D:9      | Found a shimmering altar of Xom.
 13696 | D:9      | Found a shimmering altar of Xom.
 13696 | D:9      | Found a shimmering altar of Xom.
 13696 | D:9      | Found a shimmering altar of Xom.
 13697 | D:9      | Found a shimmering altar of Xom.
 13790 | D:9      | Found a shimmering altar of Xom.
 13807 | D:9      | Reached skill level 10 in Stealth
 13807 | D:9      | Reached skill level 8 in Necromancy
 13990 | D:9      | Found a white marble altar of Elyvilon.
 13990 | D:9      | Noticed Erolcha
 14077 | D:9      | Reached skill level 7 in Dodging
 14555 | D:9      | Noticed a cyclops
 14558 | D:9      | Killed a cyclops
 14559 | D:9      | Reached skill level 6 in Spellcasting
 14938 | D:10     | Entered Level 10 of the Dungeon
 15088 | D:9      | Reached skill level 7 in Short Blades
 16387 | D:10     | Noticed a two-headed ogre
 16960 | D:10     | Killed a two-headed ogre
 16961 | D:10     | Reached skill level 6 in Fighting
 16961 | D:10     | Reached skill level 11 in Stealth
 16961 | D:10     | Reached skill level 1 in Shields
 17889 | D:10     | Reached XP level 11. HP: 53/64 MP: 15/20
 18290 | D:11     | Learned a level 5 spell: Excruciating Wounds
 18428 | D:11     | Found a staircase to the Lair.
 18470 | D:11     | Noticed a purple ugly thing
 18509 | D:10     | Reached skill level 9 in Necromancy
 18741 | D:10     | Reached skill level 8 in Dodging
 18976 | D:11     | Reached skill level 2 in Shields
 19336 | D:11     | Noticed Grum
 19520 | D:11     | Reached **** piety under Kikubaaqudgha
 19532 | D:11     | Killed Grum
 19736 | D:11     | Noticed a two-headed ogre
 19750 | D:11     | Reached skill level 8 in Short Blades
 19755 | D:11     | Noticed Harold
 19921 | D:11     | Reached skill level 7 in Spellcasting
 19988 | D:11     | Killed a two-headed ogre
 20195 | D:11     | Killed a purple ugly thing
 20196 | D:11     | Reached skill level 3 in Shields
 20300 | Lair:1   | Entered Level 1 of the Lair of Beasts
 20302 | Lair:1   | Reached skill level 12 in Stealth
 20672 | Lair:1   | Found a snail-covered altar of Cheibriados.
 20674 | Lair:1   | Reached skill level 7 in Fighting
 21127 | Lair:1   | Reached XP level 12. HP: 72/72 MP: 23/23
 21177 | Lair:1   | Reached skill level 9 in Dodging
 21442 | Lair:1   | Reached skill level 10 in Necromancy
 21712 | Lair:1   | Reached skill level 4 in Shields
 21996 | Lair:1   | Reached skill level 9 in Short Blades
 22612 | Lair:1   | Reached skill level 13 in Stealth
 23045 | Lair:1   | Reached skill level 8 in Spellcasting
 23219 | Lair:2   | Reached ***** piety under Kikubaaqudgha
 23815 | Lair:2   | Noticed a six-headed hydra
 24223 | Lair:2   | Reached skill level 8 in Fighting
 25067 | Lair:1   | Reached skill level 10 in Dodging
 25162 | Lair:2   | You fall into a shaft and drop 2 floors!
 25163 | Lair:4   | Noticed an eight-headed hydra
 25173 | Lair:3   | Noticed a four-headed hydra
 25176 | Lair:3   | Killed a four-headed hydra
 25177 | Lair:3   | Reached XP level 13. HP: 78/78 MP: 25/25
 25349 | Lair:2   | Reached skill level 10 in Short Blades
 25349 | Lair:2   | Reached skill level 11 in Necromancy
 25557 | Lair:2   | Reached skill level 14 in Stealth
 25808 | Lair:3   | Found a hole to the Spider Nest.
 26851 | Lair:4   | Found a staircase to the Shoals.
 27356 | Lair:4   | Reached skill level 9 in Spellcasting
 27514 | Lair:4   | Learned a level 5 spell: Borgnjor's Vile Clutch
 28185 | Lair:5   | Found a frozen archway.
 28199 | IceCv    | Entered an ice cave
 28409 | IceCv    | Reached skill level 9 in Fighting
 30319 | IceCv    | Noticed a frost giant
 30353 | IceCv    | Reached skill level 11 in Dodging
 30542 | IceCv    | Killed a frost giant
 30543 | IceCv    | Reached skill level 15 in Stealth
 30543 | IceCv    | Reached XP level 14. HP: 85/86 MP: 5/27
 31741 | Lair:4   | Reached skill level 11 in Short Blades
 32475 | Lair:4   | Reached ****** piety under Kikubaaqudgha
 32476 | Lair:4   | Received a gift from Kikubaaqudgha
 32850 | Lair:5   | Reached skill level 12 in Necromancy
 32959 | Lair:5   | Identified a scroll of acquirement
 32959 | Lair:5   | Acquired 810 gold pieces
 33081 | Lair:6   | Entered Level 6 of the Lair of Beasts
 33085 | Lair:6   | Found a gate leading to a gauntlet.
 33093 | Gauntlet | Entered a Gauntlet
 33093 | Gauntlet | Found a transporter.
 33093 | Gauntlet | Found a transporter.
 33095 | Gauntlet | Found a transporter.
 33098 | Gauntlet | Found a transporter.
 33119 | Gauntlet | Found a transporter.
 33137 | Gauntlet | Found a transporter.
 33140 | Gauntlet | Found a transporter.
 33140 | Gauntlet | Found a transporter.
 33153 | Gauntlet | Found a transporter.
 33169 | Gauntlet | Found a transporter.
 33176 | Gauntlet | Noticed a balrug
 33179 | Gauntlet | Found a transporter.
 33184 | Gauntlet | Found a transporter.
 33230 | Gauntlet | Found a transporter.
 33245 | Gauntlet | Found a transporter.
 33883 | Gauntlet | Got a creamy pearl robe
 33889 | Gauntlet | Identified the +2 robe "Teem" {-Cast rElec Str+2 Int+4}
                  | (You found it in a Gauntlet)
 35344 | Lair:6   | Reached skill level 10 in Spellcasting
 36371 | Lair:6   | Found a viscous altar of Jiyva.
 36373 | Lair:6   | Found a runed translucent door.
 36373 | Lair:6   | Noticed an acid blob
 36376 | Lair:6   | Found a staircase to the Slime Pits.
 36377 | Lair:6   | Noticed an acid blob
 36383 | Lair:6   | HP: 4/87 [acid (8)]
 36862 | Lair:6   | Reached skill level 16 in Stealth
 36988 | Lair:6   | Reached skill level 10 in Fighting
 37212 | Lair:6   | HP: 4/88 [acid blob/splash of acid (5)]
 37212 | Lair:6   | Splashed by an acid blob's acid

Vanquished Creatures
  A frost giant (IceCv)
  A minotaur (Gauntlet)
  7 hydras
  A catoblepas (Lair:5)
  2 two-headed ogres
  6 death yaks (Lair:6)
  A tengu warrior (Gauntlet)
  Pikel (D:5)
  A lindwurm (Lair:4)
  2 cyclopes
  An ugly thing (D:11)
  14 elephants
  2 black mambas (Lair:3)
  A merfolk siren (Lair:4)
  3 torpor snails
  14 cane toads
  A centaur skeleton (D:11)
  4 rime drakes
  10 komodo dragons
  2 jumping spiders (Lair:3)
  A tengu conjurer (Gauntlet)
  A troll (D:9)
  23 polar bears
  A hornet (Lair:6)
  A tyrant leech (Gauntlet)
  34 blink frogs
  5 dream sheep (Lair:6)
  4 flying skulls (Gauntlet)
  A redback (Lair:3)
  Sigmund (D:6)
  86 yaks
  4 wyverns
  Grum (D:11)
  4 basilisks
  Menkaure (D:5)
  3 swamp worms (Gauntlet)
  15 water moccasins
  3 ice beasts
  An orc warrior (D:10)
  A phantom (D:9)
  2 black bears
  A necrophage (D:11)
  2 sky beasts
  5 ogres
  26 wolves
  6 centaurs
  Blork the orc (D:4)
  2 big kobolds
  16 bullfrogs
  3 scorpions
  2 water moccasin skeletons
  8 wights
  6 killer bees
  9 electric eels
  6 howler monkeys
  3 bullfrog zombies
  2 centaur zombies
  Crazy Yiuf (D:6)
  10 orc priests
  9 hounds
  14 orc wizards
  A quasit (D:6)
  A bullfrog skeleton (D:5)
  5 jellies
  Terence (D:3)
  4 iguanas
  Natasha (thrice) (D:3)
  10 worker ants
  4 mummies (Ossuary)
  A worker ant zombie (D:10)
  3 gnolls
  17 adders
  4 shadow imps
  A white imp (D:6)
  2 ufetubi (D:10)
  An ooze (D:4)
  An adder zombie (D:8)
  An adder skeleton (D:6)
  6 worms
  5 dart slugs
  4 leopard geckos
  43 orcs
  2 ball pythons
  5 giant cockroaches
  9 goblins
  8 hobgoblins
  11 jackals
  20 kobolds
  6 quokkas
  12 bats
  7 frilled lizards
  5 gnoll skeletons (Ossuary)
  A gnoll zombie (Ossuary)
  5 goblin skeletons (Ossuary)
  8 goblin zombies
  4 hobgoblin skeletons (Ossuary)
  5 hobgoblin zombies (Ossuary)
  4 kobold skeletons (Ossuary)
  6 kobold zombies (Ossuary)
  A leopard gecko skeleton (D:5)
  4 orc skeletons (Ossuary)
  5 orc zombies (Ossuary)
  A quokka skeleton (D:4)
  A quokka zombie (D:7)
  7 rats
  3 rat skeletons (Ossuary)
  2 rat zombies
660 creatures vanquished.

Vanquished Creatures (collateral kills)
  An elephant (Lair:2)
1 creature vanquished.

Vanquished Creatures (others)
  A wolf (IceCv)
  An orc wizard (D:7)
  A jackal (D:10)
  12 bushes
  68 fungi
  84 plants
167 creatures vanquished.

Grand Total: 828 creatures vanquished

Table legend: (Time is in decaauts)
 A = Elapsed time spent in this place.
 B = Non-inter-level travel time spent in this place.
 C = Inter-level travel time spent in this place.
 D = Time resting spent in this place.
 E = Time spent auto-exploring this place.
 F = Levels seen in this place.
 G = Mean time per level.
                   A        B        C        D        E       F      G
               +--------+--------+--------+--------+--------+-----+--------+
         Total |  36625 |  33878 |   2747 |  18748 |      0 |  20 | 1831.2 |
       Dungeon |  19706 |  17904 |   1802 |   9421 |      0 |  11 | 1791.5 |
          Lair |  12413 |  11468 |    945 |   6624 |      0 |   6 | 2068.8 |
       Ossuary |   1037 |   1037 |      0 |    419 |      0 |   1 | 1037.0 |
      Ice Cave |   2459 |   2459 |      0 |   1644 |      0 |   1 | 2459.0 |
      Gauntlet |   1008 |   1008 |      0 |    639 |      0 |   1 | 1008.0 |
               +--------+--------+--------+--------+--------+-----+--------+

Top non-repeatable levels by time:
  Lair:1: 3105 daAuts
    D:10: 3022 daAuts
   IceCv: 2459 daAuts
  Lair:6: 2060 daAuts
  Lair:4: 2017 daAuts
    D:11: 1992 daAuts
     D:3: 1937 daAuts
     D:1: 1930 daAuts
     D:2: 1876 daAuts
     D:4: 1833 daAuts
  Lair:5: 1824 daAuts
     D:5: 1818 daAuts
  Lair:2: 1808 daAuts
     D:9: 1801 daAuts
  Lair:3: 1597 daAuts

Table legend:
 A = Non-vault XP
 B = Vault XP
 C = Vault XP percentage of total XP
 D = Non-vault monster count
 E = Vault monster count
 F = Vault count percentage of total count
                 A         B        C        D         E       F
            +---------+---------+-------+---------+---------+-------
      Total |   73103 |   24823 |  25.3 |     505 |     154 |  23.4
            +---------+---------+-------+---------+---------+-------
        D:1 |      52 |       4 |   7.1 |      23 |       3 |  11.5
        D:2 |     176 |       0 |   0.0 |      31 |       0 |   0.0
        D:3 |     407 |      82 |  16.8 |      41 |       8 |  16.3
        D:4 |     435 |      96 |  18.1 |      23 |       1 |   4.2
        D:5 |     900 |     874 |  49.3 |      34 |       6 |  15.0
        D:6 |     859 |     264 |  23.5 |      26 |       2 |   7.1
        D:7 |     903 |       2 |   0.2 |      20 |       2 |   9.1
        D:8 |     525 |       0 |   0.0 |      19 |       0 |   0.0
        D:9 |    1708 |     541 |  24.1 |      20 |       1 |   4.8
       D:10 |    3591 |      40 |   1.1 |      34 |       1 |   2.9
       D:11 |    6609 |     649 |   8.9 |      43 |       5 |  10.4
     Lair:1 |   12654 |     858 |   6.3 |      52 |       2 |   3.7
     Lair:2 |    7295 |       0 |   0.0 |      24 |       0 |   0.0
     Lair:3 |    7037 |    1334 |  15.9 |      25 |       5 |  16.7
     Lair:4 |    7901 |    1425 |  15.3 |      24 |       2 |   7.7
     Lair:5 |    8639 |    1616 |  15.8 |      32 |       6 |  15.8
     Lair:6 |   13412 |    3437 |  20.4 |      34 |      13 |  27.7
    Ossuary |       0 |     120 | 100.0 |       0 |      51 | 100.0
      IceCv |       0 |    9473 | 100.0 |       0 |      35 | 100.0
   Gauntlet |       0 |    4008 | 100.0 |       0 |      11 | 100.0
            +---------+---------+-------+---------+---------+-------
